PBL
MILWAUKEE BREWERS @ ST. LOUIS CARDINALS
10/05/2070
 
TOP OF THE 1ST
Milwaukee Brewers batting - Pitching for St. Louis Cardinals : RHP Ramón Encarnación
Pitching: RHP Ramón Encarnación
Batting: LHB John Brosseau 0-0: Ball
1-0: Called Strike
1-1: Ball
2-1: Ball
3-1: Called Strike
3-2: Ground out 4-3 (Groundball, 4, EV 85.0 MPH)
Batting: SHB Raúl Romero 0-0: Called Strike
0-1: Ball
1-1: Ball
2-1: Fly out, F7 (Flyball, 78M, EV 91.3 MPH)
Batting: LHB Stanley Hawkins 0-0: Called Strike
0-1: Swinging Strike
0-2: Ball
1-2: Foul Ball, location: 3FF
1-2: Ball
2-2: Ball
3-2: Fly out, F7 (Flyball, 7LM, EV 86.9 MPH)
Top of the 1st over - 0 runs, 0 hits, 0 errors, 0 left on base; Milwaukee 0 - St. Louis 0
BOTTOM OF THE 1ST
St. Louis Cardinals batting - Pitching for Milwaukee Brewers : RHP Joey Simons
Pitching: RHP Joey Simons
Batting: RHB Zg Odhiambo 0-0: Fly out, F9 (Flyball, 89S, EV 91.3 MPH)
Batting: RHB Ric Hodges 0-0: SINGLE (Groundball, 34D, EV 97.5 MPH)
Batting: RHB Leland Vogler 0-0: Foul Ball, location: 2F
0-1: DOUBLE (Flyball, 8RXD, EV 92.5 MPH)
Ric Hodges to third
Runner from 3rd tries for Home, SAFE, throw by CF to home
Batting: SHB Emiliano Girometta 0-0: Called Strike
0-1: Called Strike
0-2: Ball
1-2: Ball
2-2: Ball
3-2: Fly out, F8 (Flyball, 8LXD, EV 95.0 MPH)
Runner from 2nd tags up, SAFE at 3rd, no throw by CF
Batting: LHB Jeremy Dalton 0-0: Called Strike
0-1: Ball
1-1: Fly out, F4 (Popup, 4, EV 61.9 MPH)
Bottom of the 1st over - 1 run, 2 hits, 0 errors, 1 left on base; Milwaukee 0 - St. Louis 1
TOP OF THE 2ND
Milwaukee Brewers batting - Pitching for St. Louis Cardinals : RHP Ramón Encarnación
Batting: SHB Ray Day 0-0: Fly out, F9 (Flyball, 9D, EV 97.5 MPH)
Batting: RHB Aaron Carlisle 0-0: Fly out, F9 (Flyball, 9, EV 95.6 MPH)
Batting: RHB Troy Gunther 0-0: Ground out 5-3 (Groundball, 56S, EV 94.4 MPH)
Top of the 2nd over - 0 runs, 0 hits, 0 errors, 0 left on base; Milwaukee 0 - St. Louis 1
BOTTOM OF THE 2ND
St. Louis Cardinals batting - Pitching for Milwaukee Brewers : RHP Joey Simons
Pitching: RHP Richard Powell
Batting: RHB José Betancourt 0-0: Ball
1-0: Foul Ball, location: 2RF
1-1: Ball
2-1: Swinging Strike
2-2: Ball
3-2: Foul Ball, location: 25F
3-2: Ground out 6-3 (Groundball, 6M, EV 105.6 MPH)
Batting: LHB Jack O'Keefe 0-0: Called Strike
0-1: Ground out 6-3 (Groundball, 6, EV 110.0 MPH)
Batting: RHB Hua Tu 0-0: SINGLE (Line Drive, 5D, EV 69.4 MPH)
Batting: LHB Armando Torres 0-0: Swinging Strike
0-1: Ball
1-1: Swinging Strike
1-2: Ball
2-2: Fly out, F7 (Flyball, 7LSF, EV 88.8 MPH)
Bottom of the 2nd over - 0 runs, 1 hit, 0 errors, 1 left on base; Milwaukee 0 - St. Louis 1
TOP OF THE 3RD
Milwaukee Brewers batting - Pitching for St. Louis Cardinals : RHP Ramón Encarnación
Batting: RHB Bryan Pérez 0-0: Fly out, F7 (Flyball, 7D, EV 104.4 MPH)
Batting: RHB Mike Miller 0-0: Foul Ball, location: 2F
0-1: Ball
1-1: Foul Ball, location: 2F
1-2: Foul Ball, location: 9LSF
1-2: Strikes out swinging
Batting: RHB Steve White 0-0: Called Strike
0-1: Ball
1-1: Foul Ball, location: 25F
1-2: SOLO HOME RUN (Flyball, 7D, EV 98.8 MPH), Distance : 376 ft
Batting: LHB John Brosseau 0-0: Swinging Strike
0-1: Called Strike
0-2: SINGLE (Groundball, 6MS, EV 67.5 MPH) (infield hit)
Batting: SHB Raúl Romero 0-0: Called Strike
0-1: Reached on error, E6 (Groundball, 6D, EV 100.0 MPH)
John Brosseau to second
Batting: LHB Stanley Hawkins 0-0: Ball
1-0: TRIPLE (Flyball, 78XD, EV 91.3 MPH)
John Brosseau scores
Raúl Romero scores
Batting: SHB Ray Day 0-0: Ground out 6-3 (Groundball, 6, EV 87.5 MPH)
Top of the 3rd over - 3 runs, 3 hits, 1 error, 1 left on base; Milwaukee 3 - St. Louis 1
BOTTOM OF THE 3RD
St. Louis Cardinals batting - Pitching for Milwaukee Brewers : RHP Richard Powell
Batting: RHB Zg Odhiambo 0-0: Ball
1-0: Foul Ball, location: 2F
1-1: Ball
2-1: Fly out, F7 (Flyball, 7LM, EV 100.0 MPH)
Batting: RHB Ric Hodges 0-0: Ball
1-0: Fly out, F7 (Flyball, 78M, EV 81.3 MPH)
Batting: RHB Leland Vogler 0-0: Foul Ball, location: 2F
0-1: Foul Ball, location: 5F
0-2: Foul Ball, location: 25FF
0-2: Foul Ball, location: 9LMF
0-2: Ball
1-2: Strikes out swinging
Bottom of the 3rd over - 0 runs, 0 hits, 0 errors, 0 left on base; Milwaukee 3 - St. Louis 1
TOP OF THE 4TH
Milwaukee Brewers batting - Pitching for St. Louis Cardinals : RHP Ramón Encarnación
Batting: RHB Aaron Carlisle 0-0: DOUBLE (Line Drive, 9LD, EV 100.6 MPH)
Batting: RHB Troy Gunther 0-0: Foul Ball, location: 5FF
0-1: Ball
1-1: Ball
2-1: Called Strike
2-2: Ground out 6-3 (Groundball, 6MS, EV 88.1 MPH)
Aaron Carlisle to third
Batting: RHB Bryan Pérez 0-0: Called Strike
0-1: Ball
1-1: SINGLE (Line Drive, 4MD, EV 94.4 MPH)
Aaron Carlisle scores
Batting: RHB Mike Miller 0-0: Ball
1-0: Ball
2-0: Foul Ball, location: 9LDF
2-1: Foul Ball, location: 2F
2-2: Fly out, F8 (Flyball, 8LD, EV 96.3 MPH)
Batting: RHB Steve White 0-0: Ball
1-0: Foul Ball, location: 9LSF
1-1: Ball
2-1: Ball
3-1: Foul Ball, location: 3F
3-2: Strikes out swinging
Top of the 4th over - 1 run, 2 hits, 0 errors, 1 left on base; Milwaukee 4 - St. Louis 1
BOTTOM OF THE 4TH
St. Louis Cardinals batting - Pitching for Milwaukee Brewers : RHP Richard Powell
Batting: SHB Emiliano Girometta 0-0: Swinging Strike
0-1: SOLO HOME RUN (Flyball, 7D, EV 96.9 MPH), Distance : 384 ft
Batting: LHB Jeremy Dalton 0-0: Ball
1-0: Fly out, F9 (Flyball, 9LS, EV 94.4 MPH)
Batting: RHB José Betancourt 0-0: Ball
1-0: Foul Ball, location: 5F
1-1: Ball
2-1: Fly out, F4 (Popup, 4, EV 72.5 MPH)
Batting: LHB Jack O'Keefe 0-0: Ball
1-0: Swinging Strike
1-1: Ball
2-1: Ball
3-1: SINGLE (Line Drive, 4MD, EV 106.9 MPH)
Batting: RHB Hua Tu 0-0: Ball
1-0: Called Strike
1-1: Foul Ball, location: 3F
1-2: Ground out 4-3 (Groundball, 34S, EV 90.0 MPH)
Bottom of the 4th over - 1 run, 2 hits, 0 errors, 1 left on base; Milwaukee 4 - St. Louis 2
TOP OF THE 5TH
Milwaukee Brewers batting - Pitching for St. Louis Cardinals : RHP Ramón Encarnación
Batting: LHB John Brosseau 0-0: Ground out 4-3 (Groundball, 4, EV 100.0 MPH)
Batting: SHB Raúl Romero 0-0: Ball
1-0: Swinging Strike
1-1: Ball
2-1: Ground out 6-3 (Groundball, 6, EV 102.5 MPH)
Batting: LHB Stanley Hawkins 0-0: Ball
1-0: Foul Ball, location: 3SF
1-1: Ball
2-1: Swinging Strike
2-2: Foul Ball, location: 2F
2-2: Ball
3-2: SINGLE (Groundball, 34D, EV 106.9 MPH)
Batting: SHB Ray Day 0-0: Called Strike
0-1: Ball
1-1: Ground out 4-3 (Groundball, 34S, EV 87.5 MPH)
Top of the 5th over - 0 runs, 1 hit, 0 errors, 1 left on base; Milwaukee 4 - St. Louis 2
BOTTOM OF THE 5TH
St. Louis Cardinals batting - Pitching for Milwaukee Brewers : RHP Richard Powell
Batting: LHB Armando Torres 0-0: Called Strike
0-1: Foul Ball, location: 2F
0-2: Strikes out swinging
Batting: RHB Zg Odhiambo 0-0: Swinging Strike
0-1: Fly out, F4 (Popup, 23, EV 90.0 MPH)
Batting: RHB Ric Hodges 0-0: Ball
1-0: Foul Ball, location: 2RF
1-1: Foul Ball, location: 5FF
1-2: SOLO HOME RUN (Flyball, 78XD, EV 96.9 MPH), Distance : 385 ft
Batting: RHB Leland Vogler 0-0: Ball
1-0: SINGLE (Line Drive, 8LS, EV 100.0 MPH)
Batting: SHB Emiliano Girometta 0-0: Foul Ball, location: 2F
0-1: Fly out, F9 (Flyball, 9D, EV 85.6 MPH)
Bottom of the 5th over - 1 run, 2 hits, 0 errors, 1 left on base; Milwaukee 4 - St. Louis 3
TOP OF THE 6TH
Milwaukee Brewers batting - Pitching for St. Louis Cardinals : RHP Ramón Encarnación
Batting: RHB Aaron Carlisle 0-0: Called Strike
0-1: Ball
1-1: Ground out 4-3 (Groundball, 4, EV 93.8 MPH)
Batting: RHB Troy Gunther 0-0: Foul Ball, location: 2F
0-1: Ball
1-1: Ball
2-1: Fly out, F7 (Flyball, 7, EV 100.6 MPH)
Batting: RHB Bryan Pérez 0-0: Called Strike
0-1: Ball
1-1: Ball
2-1: SINGLE (Flyball, 4D, EV 88.8 MPH)
Batting: RHB Mike Miller 0-0: Ball
Bryan Pérez is caught stealing 2nd base 2-4
Top of the 6th over - 0 runs, 1 hit, 0 errors, 0 left on base; Milwaukee 4 - St. Louis 3
BOTTOM OF THE 6TH
St. Louis Cardinals batting - Pitching for Milwaukee Brewers : RHP Richard Powell
Batting: LHB Jeremy Dalton 0-0: Called Strike
0-1: Ground out 4-3 (Groundball, 4, EV 85.0 MPH)
Pinch Hitting: LHB Víctor Becerra 0-0: Foul Ball, location: 5DF
0-1: DOUBLE (Line Drive, 78D, EV 104.4 MPH)
Batting: LHB Jack O'Keefe 0-0: Ball
1-0: Called Strike
1-1: Called Strike
1-2: Ball
2-2: Reached via error on a dropped throw from 1B, E1 (Groundball, 34, EV 83.1 MPH)
Víctor Becerra to third
Batting: RHB Hua Tu 0-0: Ball
1-0: Called Strike
1-1: Swinging Strike
1-2: Ball
2-2: Ball
3-2: Foul Ball, location: 2RF
3-2: Foul Ball, location: 3F
3-2: Fly out, F8 (Flyball, 78M, EV 83.8 MPH)
Runner from 3rd tags up, OUT at HOME! 8-2
Bottom of the 6th over - 0 runs, 1 hit, 1 error, 1 left on base; Milwaukee 4 - St. Louis 3
TOP OF THE 7TH
Milwaukee Brewers batting - Pitching for St. Louis Cardinals : RHP Ramón Encarnación
Now in RF: Víctor Becerra
Batting: RHB Mike Miller 0-0: Ball
1-0: Hit by Pitch
Batting: RHB Steve White 0-0: Ball
1-0: Called Strike
1-1: Foul Ball, location: 23F
1-2: Ball
2-2: Ball
3-2: Fielders Choice at 2nd, 6-4 (Groundball, 6, EV 88.8 MPH)
Pitching: RHP Carlos Miranda
Batting: LHB John Brosseau 0-0: Grounds into double play, 4-6-3 (Groundball, 4, EV 98.1 MPH)
Top of the 7th over - 0 runs, 0 hits, 0 errors, 0 left on base; Milwaukee 4 - St. Louis 3
BOTTOM OF THE 7TH
St. Louis Cardinals batting - Pitching for Milwaukee Brewers : RHP Richard Powell
Batting: LHB Armando Torres 0-0: Ball
1-0: Ball
2-0: Fly out, F3 (Popup, 3D, EV 68.8 MPH)
Batting: LHB Steve Rivera 0-0: Ball
1-0: SINGLE (Groundball, 3D, EV 97.5 MPH)
Pinch Hitting: LHB Graham Johnson 0-0: DOUBLE (Line Drive, 78D, EV 103.8 MPH)
Steve Rivera to third
Runner from 3rd tries for Home, SAFE, throw by CF to trailing runner, OUT at third! 8-3-5
Batting: RHB Leland Vogler 0-0: Called Strike
0-1: Ball
1-1: SINGLE (Groundball, 6MD, EV 103.8 MPH)
Batting: SHB Emiliano Girometta 0-0: Called Strike
0-1: Ball
1-1: Ball
2-1: Ground out 4-3 (Groundball, 4S, EV 86.9 MPH)
Bottom of the 7th over - 1 run, 3 hits, 0 errors, 1 left on base; Milwaukee 4 - St. Louis 4
TOP OF THE 8TH
Milwaukee Brewers batting - Pitching for St. Louis Cardinals : RHP Carlos Miranda
Now at 3B: Jesús Hernández
Batting: SHB Raúl Romero 0-0: Ball
1-0: SINGLE (Groundball, 34D, EV 99.4 MPH)
Batting: LHB Stanley Hawkins 0-0: Ball
1-0: Ball
2-0: Ball
3-0: Called Strike
3-1: Called Strike
3-2: SINGLE (Groundball, 34D, EV 98.1 MPH)
Raúl Romero to second
Runner from 2nd tries for 3rd, SAFE, throw by RF made to third
Batting: SHB Ray Day 0-0: Swinging Strike
0-1: Ball
1-1: SINGLE (Groundball, 34, EV 97.5 MPH)
Raúl Romero scores
Stanley Hawkins to second
Runner from 2nd tries for 3rd, SAFE, throw by RF made to third
Batting: RHB Aaron Carlisle 0-0: Foul Ball, location: 7LMF
0-1: Foul Ball, location: 3FF
0-2: Foul Ball, location: 5FF
0-2: Ball
1-2: Ball
2-2: SINGLE (Flyball, 34D, EV 90.0 MPH)
Stanley Hawkins scores
Ray Day to second
Batting: RHB Troy Gunther 0-0: Ball
1-0: Called Strike
1-1: SINGLE (Groundball, 6MD, EV 104.4 MPH)
Ray Day to third
Aaron Carlisle to second
Batting: RHB Bryan Pérez 0-0: Called Strike
0-1: Fly out, F9 (Flyball, 9, EV 86.3 MPH)
Runner from 3rd tags up, SCORES, throw by RF
Batting: RHB Mike Miller 0-0: Foul Ball, location: 9LSF
0-1: Ball
1-1: Grounds into double play, 5-4-3 (Groundball, 56, EV 84.4 MPH)
Top of the 8th over - 3 runs, 5 hits, 0 errors, 1 left on base; Milwaukee 7 - St. Louis 4
BOTTOM OF THE 8TH
St. Louis Cardinals batting - Pitching for Milwaukee Brewers : RHP Richard Powell
Batting: LHB Jeremy Dalton 0-0: Ball
1-0: Foul Ball, location: 23F
1-1: Called Strike
1-2: Ball
2-2: SINGLE (Line Drive, 4D, EV 104.4 MPH)
Batting: LHB Víctor Becerra 0-0: Ball
1-0: Foul Ball, location: 9LMF
1-1: Foul Ball, location: 25F
1-2: DOUBLE (Flyball, 89XD, EV 97.5 MPH)
Jeremy Dalton to third
Batting: LHB Jack O'Keefe 0-0: Ball
1-0: Called Strike
1-1: Foul Ball, location: 9LSF
1-2: Fly out, F6 (Popup, 15S, EV 80.0 MPH)
Batting: RHB Hua Tu 0-0: Ball
1-0: Ball
2-0: Ball
3-0: Called Strike
3-1: Called Strike
3-2: Fly out, F9 (Flyball, 9S, EV 98.8 MPH)
Batting: LHB Armando Torres 0-0: Ball
1-0: Ball
Wild Pitch!
Jeremy Dalton scores
Víctor Becerra to third
2-0: Ball
3-0: Fly out, F9 (Line Drive, 89M, EV 93.8 MPH)
Bottom of the 8th over - 1 run, 2 hits, 0 errors, 1 left on base; Milwaukee 7 - St. Louis 5
TOP OF THE 9TH
Milwaukee Brewers batting - Pitching for St. Louis Cardinals : RHP Carlos Miranda
Pitching: LHP Ernesto Rosa
Batting: RHB Steve White 0-0: Called Strike
0-1: Foul Ball, location: 2F
0-2: Ball
1-2: Ball
2-2: Foul Ball, location: 23FF
2-2: Ball
3-2: Foul Ball, location: 2F
3-2: Ground out 6-3 (Groundball, 6, EV 81.9 MPH)
Batting: LHB John Brosseau 0-0: SINGLE (Groundball, 6MD, EV 108.8 MPH)
Batting: SHB Raúl Romero 0-0: Foul Ball, location: 9LDF
0-1: Ball
1-1: Ball
2-1: Foul Ball, location: 7LMF
2-2: Foul Ball, location: 2F
2-2: Foul Ball, location: 9LSF
2-2: SINGLE (Line Drive, 9S, EV 104.4 MPH)
John Brosseau to second
Batting: LHB Stanley Hawkins 0-0: Ball
1-0: DOUBLE (Flyball, 8LXD, EV 112.5 MPH)
John Brosseau scores
Raúl Romero to third
Batting: SHB Ray Day 0-0: SINGLE (Line Drive, 7LM, EV 96.9 MPH)
Raúl Romero scores
Stanley Hawkins to third
Batting: RHB Aaron Carlisle 0-0: Ball
1-0: Fly out, F3 (Popup, 34S, EV 70.6 MPH)
Batting: RHB Troy Gunther 0-0: Called Strike
0-1: Ball
1-1: Fly out, F9 (Flyball, 9LS, EV 84.4 MPH)
Top of the 9th over - 2 runs, 4 hits, 0 errors, 2 left on base; Milwaukee 9 - St. Louis 5
BOTTOM OF THE 9TH
St. Louis Cardinals batting - Pitching for Milwaukee Brewers : RHP Richard Powell
Pitching: RHP Sam Gregory
Batting: LHB Steve Rivera 0-0: Ground out 4-3 (Groundball, 4, EV 107.5 MPH)
Batting: RHB Jesús Hernández 0-0: Called Strike
0-1: Fly out, F7 (Flyball, 7LS, EV 90.6 MPH)
Batting: RHB Leland Vogler 0-0: Ball
1-0: Foul Ball, location: 7LMFF
1-1: Foul Ball, location: 2F
1-2: Strikes out looking
Bottom of the 9th over - 0 runs, 0 hits, 0 errors, 0 left on base; Milwaukee 9 - St. Louis 5
Thursday, February 22nd , 2024 - OOTP Baseball 24.11 Build 85